 Dungeon Crawl Stone Soup version 0.27-a0-1200-g94dc6ad4cf (console) character file.

Game seed: 11210231813420878842

309 Hector the Sneak (level 6, -1/32 HPs)
             Began as a Spriggan Abyssal Knight on May 30, 2021.
             Was a Believer of Lugonu.
             Succumbed to a scorpion's poison
             ... on level 5 of the Dungeon on May 31, 2021.
             The game lasted 00:14:56 (6892 turns).

Hector the Sneak (Spriggan Abyssal Knight)          Turns: 6892, Time: 00:14:57

Health: -1/32      AC:  4    Str:  8    XL:     6   Next: 17%
Magic:  10/10      EV: 17    Int: 15    God:    Lugonu [**....]
Gold:   262        SH:  0    Dex: 15    Spells: 10/10 levels left

rFire    + + .     SeeInvis +   b - +0 spear (venom)
rCold    + . .     Faith    .   (shield restricted)
rNeg     . . .     Spirit   .   d - +2 robe {rF+}
rPois    .         Reflect  .   (helmet restricted)
rElec    .         Harm     .   e - scarf {rC+ rF+}
rCorr    .         Rampage  .   (gloves unavailable)
Will     +....                  (boots unavailable)
Stlth    +++.......             (no amulet)
HPRegen  0.10/turn              j - ring of wizardry
MPRegen  0.12/turn              (no ring)

@: lethally poisoned (-1 -> -32), very quick
A: very small, no large weapons, unfitting armour, see invisible, speed 3
a: Renounce Religion, Depart the Abyss, Bend Space


You were on level 5 of the Dungeon.
You worshipped Lugonu.
Lugonu was pleased with you.
You visited 1 branch of the dungeon, and saw 5 of its levels.
You visited the Abyss 1 time.

You collected 262 gold pieces.

Inventory:

Hand Weapons
 a - a +1 short sword
 b - a +0 spear of venom (weapon)
 o - a +1 hunting sling of flaming
Missiles
 k - 33 poisoned darts
 m - 95 stones
 n - 6 boomerangs
Armour
 d - a +2 robe of fire resistance (worn)
 e - a scarf of resistance (worn)
 v - a +0 robe
Magical Staves
 s - a staff of air
 y - a staff of conjuration
Jewellery
 j - a ring of wizardry (left hand)
 x - a ring of magical power
Wands
 z - a wand of flame (22)
Scrolls
 c - a scroll of amnesia {unknown}
 f - a scroll of enchant armour {unknown}
 g - 2 scrolls of magic mapping {unknown}
 i - a scroll of summoning {unknown}
 p - a scroll of blinking {unknown}
 r - a scroll of enchant weapon {unknown}
 t - a scroll of fear {unknown}
 u - 2 scrolls of noise {unknown}
 A - a scroll of acquirement {unknown}
 B - a scroll of identify {unknown}
Potions
 h - a potion of degeneration {unknown}
 l - 2 potions of haste {unknown}
 q - 3 potions of brilliance {unknown}
 w - 3 potions of curing {unknown}
 C - a potion of magic {unknown}


   Skills:
 + Level 2.5 Fighting
 * Level 5.2 Short Blades
 + Level 3.2 Dodging
 * Level 5.5 Stealth
 * Level 2.5 Spellcasting
 - Level 1.7 Invocations


You had 10 spell levels left.
You didn't know any spells.
Your spell library contained the following spells:

 Spells                   Type           Power      Damage    Failure   Level
 Freeze                   Ice            4%         1d3       9%          1
 Frozen Ramparts          Ice            2%         1d2       26%         3
 Ozocubu's Armour         Ice            1%         N/A       26%         3
 Hailstorm                Conj/Ice       1%         3d3       61%         4
 Metabolic Englaciation   Hex/Ice        0%         N/A       90%         5


Dungeon Overview and Level Annotations

Branches:
Dungeon (5/15)
 Temple: D:4-7

Altars:
Cheibriados
Qazlal
Sif Muna
Vehumet

Shops:
D:5 *


Innate Abilities, Weirdness & Mutations

You are very small and have problems with some larger weapons.
You are too small for most types of armour.
You have supernaturally acute eyesight. (SInv)
You cover ground extremely quickly. (Speed+++)


Message History

The scorpion is heavily wounded.
The scorpion stings you but does no damage.
You barely miss the scorpion.
The scorpion is heavily wounded.
The scorpion barely misses you.
You hit the scorpion.
The scorpion is heavily wounded.
The scorpion completely misses you.
You hit the scorpion but do no damage.
The scorpion is heavily wounded.
The scorpion stings you but does no damage.
You barely miss the scorpion.
The scorpion is heavily wounded.
The scorpion barely misses you.
You hit the scorpion.
The scorpion is severely wounded.
The scorpion stings you but does no damage.
Your +0 spear of venom begins to drip with poison!
b - a +0 spear of venom (weapon)
The scorpion misses you.
You closely miss the scorpion.
The scorpion is severely wounded.
The scorpion barely misses you.
You closely miss the scorpion.
The scorpion is severely wounded.
The scorpion stings you.
You are poisoned.
The scorpion poisons you! The scorpion stings you.
You are lethally poisoned!
The scorpion poisons you!
You closely miss the scorpion.
The scorpion is heavily wounded.
You feel extremely sick. The scorpion stings you.
* * * LOW HITPOINT WARNING * * *
You are more poisoned.
The scorpion poisons you!
* * * LOW HITPOINT WARNING * * *
You feel very sick.
You die...

....#########.# #####
#.# ### #.# ### #..
#.####.. #.# #....#.#
#.# #.##.#.# #<# ###
#.##.#.## #.# ..#
'.##....# #.........
#.# .#..#@#s#.#
#.#....### #.# #
≈###..........$.....#
..#.###
#####.#.#.#.###.#...##
..#.#.# #.##.##...## #
##.# ..#.#.# #.## #.##
#. ......# #.# ..# #.
....#.# #.# ###
..###.# #.#
......#####.#


There were no monsters in sight!

Vanquished Creatures
  A centaur skeleton (D:5)
  A jelly (D:4)
  A hound (D:5)
  2 iguanas
  An orc wizard (D:4)
  A hound skeleton (D:4)
  5 adders
  A white imp (D:5)
  An ufetubus (D:5)
  2 adder skeletons
  A dart slug (D:3)
  5 orcs
  4 endoplasms
  6 giant cockroaches
  6 hobgoblins
  5 jackals
  5 kobolds
  7 quokkas
  3 ball pythons
  2 bats
  4 frilled lizards
  3 goblins (D:1)
  2 rats
69 creatures vanquished.

Notes
Turn   | Place    | Note
-------+----------+-------------------------------------------
     0 | Abyss:1  | Hector the Spriggan Abyssal Knight began the quest for the
                  | Orb.
     0 | Abyss:1  | Reached XP level 1. HP: 11/11 MP: 3/3
    12 | D:1      | Escaped the Abyss
   117 | D:1      | Reached skill level 1 in Stealth
   428 | D:1      | Reached skill level 1 in Spellcasting
   428 | D:1      | Reached XP level 2. HP: 16/16 MP: 4/4
   890 | D:1      | Reached ** piety under Lugonu
  1131 | D:1      | Found a faded altar of an unknown god.
  1785 | D:2      | Reached XP level 3. HP: 18/19 MP: 6/6
  3758 | D:3      | Reached XP level 4. HP: 12/23 MP: 7/7
  5118 | D:4      | Found a faded altar of an unknown god.
  5118 | D:4      | Found a stormy altar of Qazlal.
  5125 | D:4      | Found a shimmering blue altar of Sif Muna.
  5127 | D:4      | Found a snail-covered altar of Cheibriados.
  5129 | D:4      | Found a faded altar of an unknown god.
  5625 | D:4      | Reached XP level 5. HP: 18/27 MP: 9/9
  5884 | D:5      | Entered Level 5 of the Dungeon
  6035 | D:5      | Found Zin's Purification Station.
  6039 | D:5      | Noticed a yak
  6461 | D:5      | Reached skill level 5 in Short Blades
  6461 | D:5      | Reached skill level 5 in Stealth
  6613 | D:5      | Noticed an ice beast
  6651 | D:5      | Found a radiant altar of Vehumet.
  6694 | D:5      | Reached XP level 6. HP: 25/32 MP: 10/10
  6892 | D:5      | Succumbed to a scorpion's poison

Illustrated notes

Levels and vault maps discovered:
D:1:      psy_arrival_conway, layout_basic, chequers_ecumenical_altar_grove,
          minmay_misc_feat_roman, hangedman_decor_clover_reticule,
          minmay_heptomino_h4
D:2:      layout_loops_ring
D:3:      layout_basic
D:4:      layout_basic, chequers_temple_overflow_minitemple
D:5:      layout_loops_ring, nicolae_hepliaklqana_monster_ancestors, zin_purify,
          lemuel_crystal_altar

Skill      XL: |  1  2  3  4  5 |
---------------+----------------+-----
Stealth        | 1 2 4 5 |  5.5
Spellcasting   | 1 2 |  2.5
Short Blades   | 3 4 5 |  5.2
Fighting       | |  2.5
Dodging        | |  3.2
Invocations    | |  1.7

Action                   |  1- 3 |  4- 6 || total
-------------------------+-------+-------++-------
Melee: Short sword       |   145 |    53 ||   198
       Spear             |    24 |   123 ||   147
 Stab: Sleeping          |     5 |     4 ||     9
Armor: Robe              |    11 |    26 ||    37
Dodge: Dodged            |   121 |   155 ||   276

Table legend: (Time is in decaauts)
 A = Elapsed time spent in this place.
 B = Non-inter-level travel time spent in this place.
 C = Inter-level travel time spent in this place.
 D = Time resting spent in this place.
 E = Time spent auto-exploring this place.
 F = Levels seen in this place.
 G = Mean time per level.
                   A        B        C        D        E       F      G
               +--------+--------+--------+--------+--------+-----+--------+
         Total |   5323 |   4955 |    368 |   1214 |   2801 |   6 |  887.2 |
       Dungeon |   5316 |   4948 |    368 |   1214 |   2800 |   5 | 1063.2 |
         Abyss |      7 |      7 |      0 |      0 |      1 |   1 |    7.0 |
               +--------+--------+--------+--------+--------+-----+--------+

Top non-repeatable levels by time:
     D:1: 1486 daAuts
     D:3: 1282 daAuts
     D:4: 1127 daAuts
     D:2: 730 daAuts
     D:5: 689 daAuts
 Abyss:1: 7 daAuts
